 Seeded DCSS version 0.29-a0-813-g4a14ea3 (webtiles) character file.

Game seed: 9102593981248656609 (custom seed)

129 PurpleRed the Trooper (level 5, -3/49 HPs)
             Began as a Naga Gladiator on July 4, 2022.
             Slain by a hobgoblin
             ... wielding a +0 scythe
              (7 damage)
             ... on level 3 of the Dungeon.
             The game lasted 00:07:40 (2653 turns).

PurpleRed the Trooper (Naga Gladiator)              Turns: 2653, Time: 00:07:41

Health: -3/49      AC: 14    Str: 19    XL:     5   Next: 12%
Magic:  5/5        EV: 10    Int:  8    God:
Gold:   133        SH:  0    Dex: 12    Spells: 4/4 levels left

rFire   + . .      SeeInvis +   m - +1 flail (protect)
rCold   + . .      Faith    .   (no shield)
rNeg    . . .      Spirit   .   C - +3 leather armour
rPois   +          Reflect  .   c - +0 helmet
rElec   +          Harm     .   (no cloak)
rCorr   +          Rampage  .   (no gloves)
Will    .....                   (no barding)
Stlth   +.........              q - amulet of magic regeneration
HPRegen 0.16/turn               (no ring)
MPRegen 0.49/turn               (no ring)

@: resistant, under a protective aura, very slow
A: AC +1, large, see invisible, deformed body, poison resistance, slowness 2,
spit poison 1, naga tail 1
a: Spit Poison


You were on level 3 of the Dungeon.
You visited 1 branch of the dungeon, and saw 4 of its levels.

You collected 133 gold pieces.

Inventory:

Hand Weapons
 a - a +0 long sword
 l - a +0 spear
 m - a +1 flail of protection (weapon)
 u - the +2 dagger of Superiority {distort, Drain rC+ Dex+4}
   (You found it on level 2 of the Dungeon)

   It warps and distorts space around it, and may blink, banish, or inflict
   extra damage upon those it strikes.
   Unwielding it can cause banishment or high damage.
   Dex:       It affects your dexterity (+4).
   rC:        It protects you from cold.
   Drain:     It drains your maximum health when unequipped.
 w - a +0 hand axe
 B - a +0 morningstar
Missiles
 d - 3 throwing nets (quivered)
 e - a javelin
Armour
 b - a +0 leather armour
 c - a +0 helmet (worn)
 r - a +0 ring mail
 t - a +0 plate armour
 C - a +3 leather armour (worn)
Jewellery
 q - an amulet of magic regeneration (around neck)
Scrolls
 f - 2 scrolls of enchant weapon {unknown}
 h - 2 scrolls of brand weapon {unknown}
 j - 2 scrolls of identify {unknown}
 o - 3 scrolls of teleportation
 p - 2 scrolls of enchant armour {unknown}
 s - a scroll of fog {unknown}
 x - a scroll of fear {unknown}
 y - a scroll of magic mapping {unknown}
 A - a scroll of immolation {unknown}
 E - a scroll of acquirement {unknown}
Potions
 g - 2 potions of lignification {unknown}
 i - a potion of brilliance {unknown}
 k - a potion of heal wounds {unknown}
 n - 2 potions of resistance
 v - a potion of invisibility {unknown}
 z - a potion of degeneration {unknown}
 D - a potion of haste {unknown}


   Skills:
 + Level 3.2 Fighting
 - Level 3.0 Long Blades
 + Level 2.7 Axes
 + Level 2.9 Throwing
 - Level 2.4 Dodging


You had 4 spell levels left.
You didn't know any spells.
Your spell library was empty.

Dungeon Overview and Level Annotations

Branches:
Dungeon (4/15)
 Temple: D:4-7

Altars:


Innate Abilities, Weirdness & Mutations

Your serpentine skin is tough. (AC +1)
You have supernaturally acute eyesight. (SInv)
Armour fits poorly on your strangely shaped body.
Your system is resistant to poisons. (rPois)
You cover ground very slowly.
You can spit poison.
You have a snake-like lower body.


Message History

Your weapon exudes an aura of protection.
The endoplasm is almost dead.
The endoplasm hits you.
The hobgoblin hits you from afar with a +0 scythe.
You hit the endoplasm but do no damage.
The endoplasm is almost dead.
The endoplasm hits you but does no damage.
The hobgoblin hits you from afar with a +0 scythe.
The endoplasm misses you. The hobgoblin closely misses you. x2
You thump the endoplasm!
You kill the endoplasm!
The hobgoblin hits you but does no damage.
The hobgoblin barely misses you. The hobgoblin misses you.
The hobgoblin barely misses you. The hobgoblin completely misses you.
The hobgoblin hits you with a +0 scythe.
There is a stone staircase leading up, spattered with blood here.
The hobgoblin hits you from afar with a +0 scythe.
The hobgoblin closely misses you.
The hobgoblin hits you but does no damage.
The hobgoblin closely misses you.
The hobgoblin hits you but does no damage.
You climb upwards.
There is a stone staircase leading down here.
You closely miss the hobgoblin. The hobgoblin closely misses you.
The hobgoblin hits you with a +0 scythe! x2
* * * LOW HITPOINT WARNING * * *
You hit the hobgoblin but do no damage.
Your weapon exudes an aura of protection.
The hobgoblin hits you but does no damage.
The hobgoblin hits you with a +0 scythe!
* * * LOW HITPOINT WARNING * * *
Press: ? - help, v - describe, . - travel
Here: a hobgoblin, wielding a +0 scythe and wearing a +0 robe The floor.
It was a potion of resistance.
You feel protected.
The hobgoblin hits you but does no damage.
The hobgoblin hits you with a +0 scythe!
You die...

.......# #.# #.#
.......# #.# #.#
.......# #.#####.#
.......# #.#.....#
.......# #.#.#####
.......# #.#.#
.......# #.#.#
.......#########g#.#
...............g@#.#
...........#######.#
...................#
............########
.##..######.#
<....######'#######
.#................#
.#................#
.#................#


You could see 2 hobgoblins.

Vanquished Creatures
  An orc priest (D:3)
  3 adders (D:3)
  A worm (D:2)
  2 dart slugs
  4 orcs (D:3)
  4 ball pythons
  8 endoplasms
  7 giant cockroaches
  2 goblins
  5 hobgoblins
  4 quokkas
  5 bats
  5 frilled lizards
  5 kobolds
  3 rats
59 creatures vanquished.

Notes
Turn   | Place    | Note
-------+----------+-------------------------------------------
     0 | D:1      | PurpleRed the Naga Gladiator began the quest for the Orb.
     0 | D:1      | Reached XP level 1. HP: 19/19 MP: 1/1
   140 | D:1      | Reached skill level 1 in Axes
   140 | D:1      | Reached XP level 2. HP: 15/26 MP: 2/2
   274 | D:1      | You fall into a shaft and drop 1 floor!
   650 | D:1      | Reached XP level 3. HP: 24/33 MP: 3/3
  1469 | D:2      | Identified the +2 dagger of Superiority {distort, Drain rC+
                  | Dex+4}
  2202 | D:3      | Reached XP level 4. HP: 40/40 MP: 4/4
  2496 | D:3      | Reached XP level 5. HP: 49/49 MP: 5/5
  2653 | D:3      | Slain by a hobgoblin

Illustrated notes

Levels and vault maps discovered:
D:1:      tarquinn_simple_flora_water_c, layout_basic
D:2:      layout_basic
D:3:      layout_basic
D:4:      layout_loops_ring, mainiacjoe_overflow_24_doors, serial_bayou_pond_d,
          sigmund_army, uniq_sigmund

Skill      XL: |  1  2  3  4 |
---------------+-------------+-----
Axes           | 1 2 |  2.7
Throwing       | 2 |  2.9
Fighting       | 3 |  3.2
Long Blades    | |  3.0
Dodging        | |  2.4

Action                   |  1- 3 |  4- 6 || total
-------------------------+-------+-------++-------
Melee: Long sword        |    27 |       ||    27
       Flail             |    84 |    44 ||   128
Throw: Javelin           |     1 |     1 ||     2
  Use: Scroll            |       |     1 ||     1
       Potion            |       |     1 ||     1
Armor: Leather armour    |    32 |    23 ||    55
       Ring mail         |    29 |     4 ||    33
Dodge: Dodged            |    49 |    34 ||    83

Table legend: (Time is in decaauts)
 A = Elapsed time spent in this place.
 B = Non-inter-level travel time spent in this place.
 C = Inter-level travel time spent in this place.
 D = Time resting spent in this place.
 E = Time spent auto-exploring this place.
 F = Levels seen in this place.
 G = Mean time per level.
                   A        B        C        D        E       F      G
               +--------+--------+--------+--------+--------+-----+--------+
         Total |   3450 |   3194 |    256 |      0 |   2225 |   4 |  862.5 |
       Dungeon |   3450 |   3194 |    256 |      0 |   2225 |   4 |  862.5 |
               +--------+--------+--------+--------+--------+-----+--------+

Top non-repeatable levels by time:
     D:2: 1609 daAuts
     D:1: 1123 daAuts
     D:3: 705 daAuts
     D:4: 12 daAuts
